Map: Thunderbird LE

Players

Dkorj

  • Race: Terran Terran
  • League: Gold
  • Spawn Location: 5:00

Death - Winner!

  • Race: Zerg Zerg
  • League: Gold
  • Spawn Location: 11:00

VOD

Have the link to the VOD?

Description

Time

  • Played on: Nov. 2, 2019, 7:03 a.m.
  • Length: 22:42
Show
View Real Time Build Order
Export as new Build Order

Dkorj Terran 

Build Orders: 1/1/1 

Get SALT Encoding   

  12  0:04  SCV  
  13  0:16  SCV  
  13  0:18  Supply Depot  
  14  0:28  SCV  
  15  0:29  Refinery  
  15  0:40  SCV  
  16  0:47  Barracks  
  16  1:01  SCV  
  16  1:02  Refinery  
  17  1:14  Supply Depot  
  17  1:16  SCV  
  18  1:28  SCV  
  19  1:38  Factory, Marine  
  20  1:48  Orbital Command  
  20  1:59  Marine  
  21  2:14  SCV  
  22  2:19  Supply Depot  
  22  2:21  Marine  
  22  2:22  Factory Tech Lab  
  23  2:26  Starport  
  23  2:40  SCV  
  23  2:41  Marine  
  23  2:43  Siege Tank  
  28  2:54  SCV  
  29  2:59  Marine  
  29  3:04  Medivac  
  32  3:08  SCV  
  33  3:17  Marine  
  34  3:29  Siege Tank  
  37  3:35  Marine  
  37  3:38  SCV  
  39  4:00  Engineering Bay  
  39  4:15  Command Center  
  39  4:43  Medivac, SCV  
  39  5:01  Marine  
  39  5:17  Supply Depot x2  
  39  5:27  Marine, Siege Tank, SCV  
  44  5:29  Medivac  
  46  5:39  SCV  
  47  5:44  Marine  
  48  6:02  Marine  
  49  6:10  Widow Mine  
  51  6:12  Medivac  
  53  6:20  Marine  
  54  6:38  Marine  
  55  6:41  Siege Tank  
  58  6:48  Command Center  
  58  6:50  Barracks  
  58  6:52  Factory  
  58  6:53  Starport  
  58  6:56  Command Center, Marine  
  56  7:10  SCV  
  56  7:13  Siege Tank  
  56  7:14  Marine  
  57  7:27  Orbital Command  
  57  7:28  SCV  
  58  7:31  Marine  
  59  7:40  SCV  
  60  7:45  Siege Tank  
  60  7:49  Marine x2  
  60  7:50  Medivac x2  
  69  7:56  Barracks  
  69  8:01  Barracks  
  69  8:06  Marine  
  69  8:07  Marine  
  69  8:08  Supply Depot  
  71  8:24  Marine  
  71  8:25  Marine  
  73  8:27  Supply Depot  
  73  8:42  Marine  
  73  8:43  Marine  
  75  8:53  Siege Tank  
  78  8:56  Factory Tech Lab  
  78  9:00  Marine x2  
  77  9:14  SCV x2  
  79  9:18  Marine x2  
  81  9:25  Siege Tank  
  81  9:26  SCV x2  
  85  9:35  Marine  
  85  9:36  Marine  
  87  9:40  Siege Tank  
  90  9:47  Refinery, SCV  
  90  9:48  Refinery  
  90  9:51  SCV  
  92  9:53  Marine  
  92  9:54  Marine  
  95  10:00  SCV  
  91  10:11  Marine  
  91  10:12  Marine  
  85  10:19  Siege Tank  
  87  10:28  SCV x4  
  90  10:29  Marine x2  
  93  10:40  SCV x4  
  97  10:44  Siege Tank  
  97  10:47  Marine x2  
  102  10:51  Siege Tank  
  105  11:04  Marine  
  105  11:05  Marine  
  105  11:10  Medivac x2  
  111  11:18  Siege Tank  
  111  11:21  Orbital Command  
  111  11:22  Marine  
  111  11:23  Marine  
  111  11:25  Refinery  
  116  11:58  Marine x2  
  116  11:59  Siege Tank, SCV x3  
  124  12:02  Supply Depot x2  
  124  12:03  Supply Depot  
  124  12:04  Supply Depot x2  
  124  12:23  Marine, Medivac, Siege Tank, SCV x2  
  124  12:24  Marine, Medivac  
  123  12:39  Siege Tank  
  123  12:40  SCV x3  
  123  12:41  Marine, SCV  
  123  12:42  Marine  
  132  12:52  SCV x2  
  132  12:53  SCV  
  132  12:54  Medivac  
  132  12:55  Siege Tank  
  140  12:59  Marine x2  
  129  13:09  Medivac  
  119  13:16  Marine  
  119  13:17  Marine  
  119  13:21  Siege Tank  
  119  13:23  SCV x4  
  119  13:24  Medivac  
  128  13:34  Marine  
  128  13:35  Marine, SCV x4  
  128  13:39  Medivac  
  136  13:44  Widow Mine  
  136  13:47  SCV x3  
  141  13:52  Marine  
  141  13:53  Marine  
  143  14:00  Barracks x2  
  143  14:01  Barracks  
  143  14:03  Barracks x2  
  143  14:04  Barracks, Armory  
  143  14:05  Barracks x2  
  143  14:10  Marine  
  143  14:11  Marine  
  145  14:21  Marine x2  
  145  14:23  Medivac x2  
  151  14:28  Marine x2  
  153  14:35  Orbital Command  
  153  14:39  Marine x2  
  155  14:45  Marine  
  155  14:46  Marine  
  152  14:53  Medivac x2  
  152  14:54  Marine x7  
  152  14:55  Marine  
  164  15:01  Command Center  
  164  15:10  Supply Depot  
  164  15:11  Supply Depot  
  164  15:12  Supply Depot  
  164  15:13  Supply Depot  
  164  15:14  Refinery  
  164  15:31  Marine x4  
  164  15:32  Medivac, Marine x5, Siege Tank, SCV x2  
  164  15:33  Marine x3  
  183  15:49  Marine x4  
  187  15:50  Marine  
  187  15:54  Marine x3  
  187  15:55  Marine x2  
  193  16:05  Marine x2  
  193  16:07  Marine  
  196  16:13  Marine, SCV x3  
  196  16:16  Refinery  
  200  16:41  Orbital Command  
  200  16:50  SCV  
  197  16:57  Marine x4  
  197  16:58  Marine x8  
  170  17:15  Marine x4  
  167  17:16  Marine x8  
  175  17:32  Marine  
  175  17:33  Marine x10  
  175  17:34  Marine  
  168  17:41  Medivac x2  
  148  17:50  Marine x3  
  148  17:51  Marine x9  
  148  17:54  Siege Tank x2  
  162  18:04  Terran Infantry Weapons Level 1  
  162  18:08  Marine x4  
  162  18:09  Marine x6  
  162  18:11  Medivac x2  
  155  18:22  Marine x2  
  155  18:26  Marine x4, Siege Tank x2  
  153  18:27  Marine  
  120  18:41  Medivac x2  
  118  18:55  Marine x3  
  112  18:56  Marine x9  
  112  18:58  Siege Tank x2  
  117  19:13  Marine x3  
  117  19:14  Marine x9  
  109  19:31  Marine x3  
  110  19:32  Marine x9  
  119  19:45  SCV  
  119  19:46  SCV x3  
  119  19:48  Marine  
  119  19:49  Marine x9  
  133  19:58  Terran Infantry Armor Level 1  
  133  20:03  SCV  
  133  20:04  SCV  
  135  20:12  Marine x2  
  135  20:13  Marine x9  
  141  20:15  Barracks Tech Lab  
  141  20:27  Refinery x2  
  141  20:37  Marine x3  
  141  20:38  Marine  
  141  20:40  Marauder  
  141  20:41  Barracks Tech Lab x2  
  141  20:42  Barracks Tech Lab x4  
  147  20:48  Stimpack  
  148  20:50  SCV x4  
  143  21:01  Marauder  
  143  21:02  Marine x2, SCV  
  143  21:03  Barracks Reactor  
  143  21:04  Barracks Reactor x2  
  148  21:06  Marauder x2  
  148  21:07  Marauder x3  
  148  21:11  Marine  
  158  21:12  SCV x3  
  162  21:20  Marine  
  163  21:27  Marine  
  164  21:33  Marine  
  164  21:34  Marauder x2, Supply Depot x2  
  164  21:36  Supply Depot  
  165  21:52  Marine x7  
  165  21:53  Marine x3  
  164  22:02  Marine x2  
  158  22:10  Marine x4  
  158  22:11  Marine x6  
  158  22:14  Marine x3  
  143  22:20  Marine x2  
Show
View Real Time Build Order
Export as new Build Order

Death Zerg - Winner!

Build Orders: Hatch First, Swarm Host 

Get SALT Encoding   

  12  0:03  Drone  
  13  0:14  Overlord  
  13  0:19  Drone  
  14  0:34  Drone x2  
  16  0:37  Drone  
  17  1:01  Drone x2  
  19  1:08  Hatchery  
  18  1:14  Spawning Pool  
  18  1:16  Drone  
  18  1:30  Extractor  
  18  1:31  Drone x2  
  19  2:02  Queen  
  19  2:05  Drone  
  19  2:06  Overlord  
  19  2:08  Overlord  
  22  2:22  Pneumatized Carapace  
  22  2:23  Drone  
  22  2:24  Drone  
  22  2:28  Drone  
  25  2:37  Drone  
  25  2:43  Drone x2  
  28  2:50  Drone  
  29  2:56  Drone  
  30  3:01  Drone  
  30  3:03  Hatchery  
  30  3:10  Drone  
  31  3:34  Roach Warren  
  31  3:39  Evolution Chamber  
  31  3:40  Queen  
  31  3:41  Extractor x2  
  29  3:49  Drone x2  
  29  3:50  Drone x5  
  29  3:52  Lair  
  36  4:01  Zergling x4  
  38  4:06  Zerg Ground Armor Level 1  
  38  4:12  Drone x2  
  40  4:24  Drone x2  
  42  4:25  Drone  
  42  4:26  Drone  
  42  4:27  Zergling x2  
  36  4:52  Drone x5  
  37  4:53  Drone x2  
  29  5:10  Zergling x8  
  28  5:26  Drone  
  28  5:27  Drone  
  29  5:29  Queen  
  30  5:39  Drone  
  30  5:40  Drone  
  31  5:50  Drone x2  
  29  6:15  Zergling x6  
  29  6:16  Zergling x6  
  34  6:33  Spine Crawler  
  34  6:35  Spine Crawler x2  
  34  6:38  Roach x4  
  36  7:29  Hatchery  
  35  7:32  Zerg Missile Weapons Level 1  
  35  7:37  Roach  
  35  7:38  Roach x3  
  35  7:39  Overlord x3  
  43  8:04  Extractor  
  42  8:20  Extractor  
  41  8:39  Drone x5  
  46  8:41  Drone  
  25  9:11  Roach  
  25  9:12  Roach x7  
  25  9:14  Glial Reconstitution  
  41  9:27  Queen  
  43  9:35  Ravager  
  43  9:36  Ravager  
  43  9:37  Ravager x3  
  48  9:46  Extractor  
  48  9:49  Spore Crawler x2  
  45  10:07  Hatchery  
  40  10:22  Hydralisk Den, Drone x5  
  40  10:23  Drone  
  45  10:37  Drone  
  45  10:38  Drone  
  47  10:45  Drone x2  
  49  10:55  Drone  
  49  10:56  Drone  
  51  11:06  Zergling x6  
  51  11:07  Zergling x6  
  51  11:09  Overseer  
  57  11:19  Zerg Missile Weapons Level 2  
  57  11:25  Muscular Augments  
  57  11:37  Drone x3  
  57  11:38  Drone x2  
  57  11:39  Drone  
  63  11:40  Drone x2  
  65  11:48  Metabolic Boost  
  65  11:50  Drone x2  
  65  11:51  Drone  
  68  12:14  Drone x4, Extractor  
  68  12:15  Extractor  
  47  12:34  Roach x2, Hydralisk  
  47  12:35  Hydralisk x2, Roach x3  
  47  12:36  Zergling x6  
  66  12:37  Overlord  
  66  12:49  Infestation Pit  
  56  13:18  Roach x4, Hydralisk x3  
  56  13:19  Hydralisk, Roach  
  74  13:21  Overlord x3  
  74  13:36  Zerg Ground Armor Level 2  
  74  13:38  Queen  
  74  13:40  Grooved Spines  
  76  13:47  Pathogen Glands  
  76  13:58  Drone x2  
  76  13:59  Drone x4  
  76  14:00  Drone x3  
  76  14:02  Roach x6  
  97  14:20  Drone  
  97  14:21  Overlord x2  
  98  14:26  Spire  
  97  14:36  Drone  
  92  14:56  Swarm Host x8  
  114  15:16  Overlord  
  114  15:17  Overlord x3  
  114  15:36  Hive  
  114  15:41  Swarm Host x6  
  114  15:42  Swarm Host x2  
  138  15:43  Roach x2  
  138  15:44  Roach x2  
  138  15:45  Overlord x3  
  146  16:11  Hatchery  
  145  16:14  Extractor  
  144  16:37  Infestor  
  144  16:38  Infestor x2  
  144  16:39  Zergling x12  
  160  16:40  Zergling x12  
  160  16:41  Overlord x3  
  147  17:09  Zergling x4  
  147  17:10  Zergling x12  
  121  18:41  Roach x2, Hydralisk x2  
  121  18:42  Roach x3, Hydralisk x2  
  136  19:04  Hydralisk  
  136  19:05  Roach x3, Hydralisk x2  
  146  19:36  Roach  
  146  19:37  Roach x4, Hydralisk x4  
  161  19:43  Zerg Missile Weapons Level 3  
  161  19:44  Greater Spire  
  161  19:50  Hydralisk, Roach x2  
  167  19:55  Queen  
  169  20:15  Roach x2, Hydralisk x2  
  169  20:16  Roach x2  
  181  20:27  Corruptor x4  
  181  20:28  Corruptor  
  191  20:29  Overlord  
  191  20:30  Overlord x2  
  191  21:18  Brood Lord x4  
  150  22:21  Roach x5  
Tags
 
Composition
Swarm Host
League
GoldGold
Matchup
TvZ
Spawn Locations
Cross Positions
Add a new tag
Caveats
  • Supply blocks, unpowered buildings, or Contaminate may cause inaccurate times.
  • Supply counts are checked every 10 seconds.